 Dungeon Crawl Stone Soup version 0.27.1-34-g3ba077fa99 (webtiles) character file.

Game seed: 14085726293670868530

108 cyrus the Skirmisher (level 4, -1/41 HPs)
             Began as a Minotaur Fighter on Jan 16, 2022.
             Slain by a bullfrog (5 damage)
             ... on level 6 of the Dungeon.
             The game lasted 00:23:00 (1735 turns).

cyrus the Skirmisher (Minotaur Fighter)             Turns: 1735, Time: 00:23:00

Health: -1/41      AC:  7    Str: 20    XL:     4   Next: 58%
Magic:  3/3        EV:  7    Int:  6    God:
Gold:   52         SH:  9    Dex: 10    Spells: 3/3 levels left

rFire    . . .     SeeInvis .   b - +0 war axe
rCold    . . .     Faith    .   c - +0 kite shield
rNeg     . . .     Spirit   .   d - +0 scale mail
rPois    .         Reflect  .   (helmet restricted)
rElec    .         Harm     .   (no cloak)
rCorr    .         Rampage  .   (no gloves)
Will     .....                  (no boots)
Stlth    ..........             (no amulet)
HPRegen  0.13/turn              (no ring)
MPRegen  0.08/turn              (no ring)

@: no status effects
A: horns 2, retaliatory headbutt
a: no special abilities


You were on level 6 of the Dungeon.
You visited 1 branch of the dungeon, and saw 6 of its levels.

You collected 52 gold pieces.

Inventory:

Hand Weapons
 a - a +0 club
 b - a +0 war axe (weapon)
 g - a +0 hunting sling
 i - a +0 dagger
Missiles
 m - 7 javelins (quivered)
 n - 22 stones
Armour
 c - a +0 kite shield (worn)
 d - a +0 scale mail (worn)
Jewellery
 o - a ring of resist corrosion
Scrolls
 h - a scroll of identify {unknown}
 j - a scroll of vulnerability {unknown}
Potions
 e - 2 potions of flight
 f - a potion of might
 k - a potion of magic {unknown}
 l - a potion of heal wounds {unknown}


   Skills:
 + Level 4.7 Fighting
 + Level 3.5 Axes
 + Level 4.1 Armour
 + Level 1.0 Dodging
 + Level 4.4 Shields


You had 3 spell levels left.
You didn't know any spells.
Your spell library contained the following spells:

 Spells                   Type           Power      Damage    Failure   Level
 Static Discharge         Conj/Air       0%         N/A       100%        2
 Dispel Undead            Necr           0%         3d6       100%        4
 Sticky Flame             Conj/Fire      0%         2d3       100%        4


Dungeon Overview and Level Annotations

Branches:
Dungeon (6/15)
 Temple: D:4-7

Altars:
Dithmenos

Annotations:
D:4 2 runed translucent doors
D:5 1 runed translucent door


Innate Abilities, Weirdness & Mutations

You have a pair of horns on your head.
You reflexively headbutt those who attack you in melee.


Message History

The wraith hits you. The wraith drains your vigour!
You feel as though you will be slow longer.
The orc hits you but does no damage.
The orc priest invokes the aid of Beogh against you.
Beogh smites you!
* * * LOW HITPOINT WARNING * * *
A bullfrog comes into view.
The bullfrog croaks.
The orc hits you but does no damage. The bullfrog closely misses you.
You furiously retaliate!
You headbutt the bullfrog! The bullfrog hits you.
* * * LOW HITPOINT WARNING * * *
You hit the orc.
You kill the orc!
You hit the bullfrog but do no damage. You block the bullfrog's attack. x3
You hear some strange, mumbled words.
A puff of flame appears from out of thin air!
You block the puff of flame.
You slash something! You closely miss the bullfrog.
You feel yourself speed up. The bullfrog hits you.
* * * LOW HITPOINT WARNING * * *
You block the bullfrog's attack. Something hits you but does no damage.
You block the bullfrog's attack. Something hits you but does no damage.
The bullfrog hits you but does no damage.
You barely miss the bullfrog.
The bullfrog is moderately wounded.
You closely miss something. You block the bullfrog's attack.
Something hits you.
* * * LOW HITPOINT WARNING * * *
You block the bullfrog's attack. Something hits you but does no damage.
You hit the bullfrog.
The bullfrog is heavily wounded.
You miss something. The bullfrog hits you.
* * * LOW HITPOINT WARNING * * *
The bullfrog barely misses you. You block something's attack.
You closely miss the bullfrog.
The bullfrog is heavily wounded.
You closely miss something. The bullfrog hits you.
You die...

...## ##
#...#####
.##..#..... .
.#...?.... ...
.......#
.#$..###..#.$.##
.....o.<[.......
#########o.#.####
#@{oWZ.....#
#F#######.## #.#
#.# #.# #.# ..#
#.. ### ###


You could see a wraith, a bullfrog, an orc and a howler monkey zombie.

Vanquished Creatures
  A hound (D:4)
  An iguana (D:4)
  An adder (D:2)
  An ufetubus (D:5)
  2 worms (D:2)
  An orc (D:6)
  3 ball pythons (D:1)
  An endoplasm (D:1)
  2 giant cockroaches
  5 goblins
  2 hobgoblins (D:1)
  2 quokkas (D:1)
  3 bats
  A frilled lizard (D:2)
  4 kobolds (D:1)
  4 rats
34 creatures vanquished.

Vanquished Creatures (others)
  4 fungi (D:1)
  2 plants (D:1)
6 creatures vanquished.

Grand Total: 40 creatures vanquished

Notes
Turn   | Place    | Note
-------+----------+-------------------------------------------
     0 | D:1      | cyrus the Minotaur Fighter began the quest for the Orb.
     0 | D:1      | Reached XP level 1. HP: 19/19 MP: 0/0
   486 | D:1      | Reached XP level 2. HP: 21/27 MP: 1/1
  1158 | D:2      | Reached XP level 3. HP: 33/33 MP: 2/2
  1241 | D:3      | Found a shadowy altar of Dithmenos.
  1325 | D:4      | Reached skill level 1 in Dodging
  1325 | D:4      | Reached XP level 4. HP: 39/40 MP: 3/3
  1328 | D:4      | Found a large runed translucent door.
  1328 | D:4      | Found a large runed translucent door.
  1439 | D:5      | Entered Level 5 of the Dungeon
  1708 | D:5      | Found a runed translucent door.
  1718 | D:6      | Noticed a wraith
  1729 | D:6      | Noticed a bullfrog
  1735 | D:6      | Slain by a bullfrog

Illustrated notes

Levels and vault maps discovered:
D:1:      wander_arrival_fairy_ring, layout_loops_corners
D:2:      layout_rooms, uniq_crazy_yiuf_cottage
D:3:      layout_basic, grunt_dithmenos_smoke_and_mirrors,
          mainiacjoe_overflow_small_starburst, serial_bayou,
          serial_bayou_pond_c, serial_bayou_shore_b, serial_bayou_lagoon_a,
          serial_bayou_ford_a, ebering_ecumenical_altar_webs, uniq_ijyb,
          uniq_grinder
D:4:      layout_rooms, jmf_multi_god_temple2, minmay_goblin_outpost
D:5:      cheibrodos_thug_alley, layout_basic, ebering_ghost_sewer_d,
          serial_shops, shop, minmay_puff
D:6:      layout_loops_ring, nicolae_ossuary_entry_plus

Skill      XL: |  1  2  3 |
---------------+----------+-----
Armour         | 4 |  4.1
Shields        | 4 |  4.4
Fighting       | 4 |  4.7
Axes           | 3 |  3.5
Dodging        | 1 |  1.0

Action                   |  1- 3 |  4- 6 || total
-------------------------+-------+-------++-------
Melee: War axe           |    83 |    19 ||   102
       Headbutt          |    14 |     4 ||    18
  Use: Scroll            |     3 |       ||     3
       Potion            |     2 |       ||     2
Armor: Scale mail        |    27 |    19 ||    46
Dodge: Dodged            |    14 |    15 ||    29
Block: Kite shield       |    45 |    23 ||    68
